 Dungeon Crawl Stone Soup version 0.31.0-12-g77e489cdc1 (webtiles) character file.

Game seed: 11201506673758281534

17988 hawla the Protected (level 12, -5/91 HPs)
             Began as a Minotaur Fighter on Feb 12, 2024.
             Was an Elder of Makhleb.
             Slain by Jorgrun
             ... wielding a staff of earth
              (10 damage)
             ... while petrified by Jorgrun
             ... on level 13 of the Dungeon.
             The game lasted 00:31:30 (10320 turns).

hawla the Protected (Minotaur Fighter)             Turns: 10320, Time: 00:31:31

Health: -5/91      AC: 22    Str: 25    XL:     12   Next: 23%
Magic:  20/20      EV:  2    Int:  5    God:    Makhleb [****..]
Gold:   843        SH:  0    Dex: 11    Spells: 11/11 levels left

rFire   . . .        y - +2 trident (venom)
rCold   + . .        c - +1 buckler
rNeg    + + +        I - +0 plate armour
rPois   ∞            C - +1 hat
rElec   .            E - +0 cloak
rCorr   .            q - +0 pair of gloves
SInv    .            (no boots)
Will    .....        i - amulet of regeneration Stlth
                     L - ring of poison resistance
HPRegen 1.15/turn    b - ring of magical power
MPRegen 0.17/turn

%: no passive effects
@: petrified
A: horns 2, retaliatory headbutt, iridescent scales 1, cold resistance 1
a: Renounce Religion, Minor Destruction, Lesser Servant of Makhleb, Major
Destruction


You were on level 13 of the Dungeon.
You worshipped Makhleb.
Makhleb was greatly pleased with you.
You visited 2 branches of the dungeon, and saw 14 of its levels.
You also visited: Bailey.

You collected 843 gold pieces.

Inventory:

Hand Weapons
 y - a +2 trident of venom (weapon)
 z - a +4 morningstar
 K - a +0 broad axe
Missiles
 p - 20 poisoned darts (quivered)
 B - 2 curare-tipped darts
Armour
 c - a +1 buckler (worn)
 q - a +0 pair of gloves (worn)
 C - a +1 hat (worn)
 E - a +0 cloak (worn)
 I - a +0 plate armour (worn)
Jewellery
 b - a ring of magical power (right hand)
 i - an amulet of regeneration (around neck)
 G - an amulet of the acrobat
 L - a ring of poison resistance (left hand)
Wands
 h - a wand of digging (7)
 l - a wand of roots (3)
 v - a wand of polymorph (12)
 x - a wand of flame (42)
 A - a wand of charming (11)
 D - a wand of mindburst (8)
Scrolls
 e - 2 scrolls of noise {unknown}
 g - 2 scrolls of blinking
 k - 4 scrolls of teleportation
 w - 2 scrolls of immolation
 F - a scroll of fear
 H - 2 scrolls of enchant armour
Potions
 a - a potion of heal wounds
 d - a potion of might
 f - 4 potions of ambrosia
 j - 2 potions of cancellation
 m - 6 potions of curing
 n - 4 potions of attraction
 o - 2 potions of resistance
 r - 2 potions of enlightenment
 s - 2 potions of brilliance {unknown}
 t - 2 potions of degeneration {unknown}
 u - 3 potions of haste {unknown}
 J - a potion of experience {unknown}


   Skills:
 - Level 4.0 Fighting
 + Level 10.9(14.2) Axes
 + Level 9.4(11.6) Maces & Flails
 - Level 11.5(13.3) Polearms
 - Level 14.0 Armour
 - Level 7.0 Dodging
 - Level 5.0 Shields


You had 11 spell levels left.
You didn't know any spells.
Your spell library was empty.

Dungeon Overview and Level Annotations

Branches:
Dungeon (13/15)            Temple (1/1) D:6            Lair (0/5) D:10
    Orc (0/2) D:10         Bailey (visited)
 Vaults: D:13-14

Altars:
Ashenzari
Cheibriados
Dithmenos
Elyvilon
Fedhas
Gozag
Hepliaklqana
Kikubaaqudgha
Makhleb
Nemelex Xobeh
Okawaru
Qazlal
Ru
Sif Muna
Trog
Uskayaw
Vehumet
Wu Jian
Xom
Yredelemnul
Zin
The Shining One

Annotations:
D:9 2 runed translucent doors, mooti9's ghost, novice MiMo
D:12 2 runed translucent doors, Curundu's ghost, journeyman MiBe
D:13 Jorgrun


Innate Abilities, Weirdness & Mutations

You have a pair of horns on your head.
You reflexively headbutt those who attack you in melee.
You are partially covered in iridescent scales. (AC +2)
Your flesh is cold resistant. (rC+)


Message History

You puncture Jorgrun!
Jorgrun is lightly wounded.
Jorgrun hits you but does no damage. The ground beneath you fractures!!
Aiming: Mindburst
Press: ? - help, Shift-Dir - straight line, f - Jorgrun
Aim: Jorgrun, wielding a staff of earth and wearing a +1 robe of positive energy (lightly wounded, very poisoned, chance to affect: 1%) Jorgrun resists with almost no effort.
Jorgrun points at you and mumbles some strange words.
You are slowing down.
Aiming: Throw Flame
Press: ? - help, Shift-Dir - straight line, f/p - Jorgrun
Aim: Jorgrun, wielding a staff of earth and wearing a +1 robe of positive energy (lightly wounded, very poisoned, 48% to hit)
The puff of flame hits Jorgrun but does no damage.
Jorgrun is lightly wounded.
Jorgrun mutters some incantations to himself.
Jorgrun hits you with a staff of earth.
Your limbs are stiffening.
You closely miss Jorgrun.
Jorgrun is lightly wounded.
Jorgrun hits you but does no damage. The ground beneath you fractures!!
You have turned to stone.
Jorgrun hits you with a staff of earth. x2
* * * LOW HITPOINT WARNING * * *
The ground beneath you fractures!
* * * LOW HITPOINT WARNING * * *
Jorgrun hits you with a staff of earth!
* * * LOW HITPOINT WARNING * * *
The ground beneath you fractures!
* * * LOW HITPOINT WARNING * * *
Jorgrun hits you with a staff of earth.
* * * LOW HITPOINT WARNING * * *
Jorgrun hits you with a staff of earth!
* * * LOW HITPOINT WARNING * * *
The ground beneath you fractures!
* * * LOW HITPOINT WARNING * * *
Jorgrun looks more healthy.
Jorgrun says, "May tha earth consume ye!"
Jorgrun gestures at you while chanting.
You struggle to resist.
Jorgrun hits you but does no damage. The ground beneath you fractures!!
You die...

......# # ......#
#. ##......# ##.#
#.......# ...#
#.......# #
#..###.......# #.
##.....g..>..#
#..#>..##@# #
#........#####.#
###.#.##.......##
#........##...##
#......#.#...<.#
#...#...........
#......#.#.:...#
##...###.##...##
#.#....<.#####


You could see Jorgrun.

Vanquished Creatures
  2 vault guards (Bailey)
  A boulder beetle (D:12)
  5 two-headed ogres
  The ghost of nocore the Grappler, a novice DrSh of Hepliaklqana (D:8)
  4 ugly things (D:12)
  A manticore (D:12)
  2 cyclopes (D:11)
  Maurice (D:8)
  A gargoyle (D:12)
  A kobold demonologist (D:12)
  A troll (D:10)
  Prince Ribbit (Bailey)
  2 wraiths
  A shadow (D:12)
  A vampire (D:11)
  2 wyverns
  3 yaks (D:10)
  6 humans (Bailey)
  2 vampire mosquitoes (D:12)
  3 acid dragons
  2 water moccasins
  4 black bears
  4 ice beasts
  3 orc warriors
  An ogre (D:4)
  6 centaurs
  3 wolves (D:10)
  2 kobold brigands
  9 bullfrogs (Bailey)
  A gnoll sergeant (D:9)
  8 scorpions
  14 wights
  6 killer bees
  2 howler monkeys
  An electric eel (D:10)
  10 hounds
  2 jellies
  2 gnoll boudas
  11 orc priests
  2 sleepcaps (D:5)
  3 iguanas
  9 orc wizards
  Robin (D:2)
  19 gnolls
  2 adders
  2 white imps (D:6)
  3 ribbon worms
  42 orcs
  5 ball pythons
  6 endoplasms
  4 giant cockroaches
  16 goblins
  9 hobgoblins
  4 jackals
  16 kobolds
  A bat (D:2)
  4 frilled lizards
  8 rats
  A butterfly (D:6)
289 creatures vanquished.

Vanquished Creatures (others)
  An unseen horror (D:12)
  A centaur (D:11)
  An orc wizard (D:9)
3 creatures vanquished.

Grand Total: 292 creatures vanquished

Notes
Turn   | Place    | Note
-------+----------+-------------------------------------------
     0 | D:1      | hawla the Minotaur Fighter began the quest for the Orb.
     0 | D:1      | Reached XP level 1. HP: 19/19 MP: 0/0
   259 | D:1      | Reached XP level 2. HP: 26/27 MP: 1/1
   556 | D:2      | Identified the +1 helmet of a treasure trove {Harm rElec
                  | Dex+3}
   556 | D:2      | Noticed Robin
   566 | D:2      | Killed Robin
   567 | D:2      | Reached skill level 5 in Shields
   567 | D:2      | Reached XP level 3. HP: 8/33 MP: 2/2
   752 | D:2      | Found a sacrificial altar of Ru.
   855 | D:2      | Reached skill level 1 in Dodging
  1013 | D:2      | Reached XP level 4. HP: 37/40 MP: 3/3
  1767 | D:3      | Found a faded altar of an unknown god.
  2292 | D:4      | Noticed an ogre
  2303 | D:4      | Killed an ogre
  2304 | D:4      | Reached XP level 5. HP: 29/46 MP: 4/4
  2554 | D:4      | Reached skill level 5 in Dodging
  2648 | D:4      | Noticed a black bear
  2653 | D:4      | Reached XP level 6. HP: 50/52 MP: 5/5
  2851 | D:5      | Entered Level 5 of the Dungeon
  2900 | D:5      | Reached skill level 4 in Armour
  2900 | D:5      | Reached XP level 7. HP: 59/59 MP: 6/6
  2983 | D:5      | Reached skill level 5 in Armour
  3037 | D:5      | Reached skill level 6 in Armour
  3065 | D:5      | Reached skill level 7 in Armour
  3163 | D:5      | Reached XP level 8. HP: 38/66 MP: 7/7
  3281 | D:5      | Reached skill level 8 in Armour
  3320 | D:5      | Reached skill level 9 in Armour
  3504 | D:6      | Found a staircase to the Ecumenical Temple.
  3517 | Temple   | Entered the Ecumenical Temple
  3543 | Temple   | Became a worshipper of Makhleb the Destroyer
  3585 | D:6      | Reached skill level 10 in Armour
  3709 | D:6      | Reached skill level 11 in Armour
  3735 | D:6      | Identified the +0 robe "Qutum" {Will- Int+3 Archmagi}
  4037 | D:6      | Identified the +3 ring mail of Asi Ezue {rElec Str+2}
  4164 | D:6      | Reached XP level 9. HP: 58/71 MP: 8/8
  4322 | D:7      | Reached skill level 12 in Armour
  4496 | D:7      | Reached * piety under Makhleb
  5027 | D:8      | Reached skill level 13 in Armour
  5140 | D:8      | Found a shimmering altar of Xom.
  5516 | D:8      | Reached ** piety under Makhleb
  5541 | D:8      | Found a runed translucent door.
  5543 | D:8      | Noticed a two-headed ogre
  5549 | D:8      | Killed a two-headed ogre
  5550 | D:8      | Reached skill level 14 in Armour
  5550 | D:8      | Reached skill level 5 in Axes
  5568 | D:8      | Noticed nocore's ghost (novice DrSh)
  5995 | D:8      | Noticed Maurice
  6004 | D:8      | Maurice stole a +4 morningstar
  6010 | D:8      | Something stole an amulet of the acrobat
  6011 | D:8      | Killed Maurice
  6012 | D:8      | Reached XP level 10. HP: 69/78 MP: 3/9
  6228 | D:8      | Killed nocore's ghost
  6229 | D:8      | Reached skill level 5 in Polearms
  6414 | D:9      | Found a flagged portal.
  6438 | Bailey   | Entered a bailey
  6603 | Bailey   | Noticed a vault guard
  6603 | Bailey   | Noticed Prince Ribbit
  6608 | Bailey   | Killed Prince Ribbit
  6630 | Bailey   | Killed a vault guard
  6631 | Bailey   | Reached skill level 10 in Polearms
  6687 | Bailey   | Noticed a vault guard
  6701 | Bailey   | Killed a vault guard
  6907 | D:9      | Reached *** piety under Makhleb
  6960 | D:9      | Reached XP level 11. HP: 68/79 MP: 10/10
  7067 | D:9      | Reached skill level 1 in Maces & Flails
  7469 | D:9      | Found a large runed translucent door.
  7469 | D:9      | Found a large runed translucent door.
  7473 | D:9      | Noticed mooti9's ghost (novice MiMo)
  7846 | D:10     | Entered Level 10 of the Dungeon
  7986 | D:10     | Found a staircase to the Lair.
  8046 | D:10     | Reached **** piety under Makhleb
  8409 | D:10     | Found a staircase to the Orcish Mines.
  8868 | D:11     | Reached skill level 5 in Maces & Flails
  9010 | D:11     | Identified the +0 chain mail of Olujeful {+Blink Str-3
                  | Dex+6}
  9372 | D:11     | Noticed a two-headed ogre
  9388 | D:11     | Killed a two-headed ogre
  9532 | D:12     | Gained mutation: You are partially covered in iridescent
                  | scales. (AC +2) [potion of mutation]
  9532 | D:12     | Gained mutation: Your flesh is cold resistant. (rC+)
                  | [potion of mutation]
  9589 | D:12     | Found a large runed translucent door.
  9589 | D:12     | Found a large runed translucent door.
  9590 | D:12     | Noticed Curundu's ghost (journeyman MiBe)
  9621 | D:12     | Noticed a white ugly thing
  9631 | D:12     | Killed a white ugly thing
  9726 | D:12     | Noticed a red ugly thing
  9736 | D:12     | Noticed a brown ugly thing
  9737 | D:12     | Killed a red ugly thing
  9764 | D:12     | Killed a brown ugly thing
  9801 | D:12     | Noticed a two-headed ogre
  9807 | D:12     | Noticed a red ugly thing
  9809 | D:12     | Killed a two-headed ogre
  9813 | D:12     | Noticed a boulder beetle
  9825 | D:12     | Killed a red ugly thing
  9838 | D:12     | Reached skill level 10 in Axes
  9838 | D:12     | Reached XP level 12. HP: 64/91 MP: 11/11
  9887 | D:12     | Noticed a two-headed ogre
  9968 | D:12     | Noticed a two-headed ogre
  9975 | D:12     | Killed a two-headed ogre
 10016 | D:12     | Killed a boulder beetle
 10121 | D:12     | Killed a two-headed ogre
 10301 | D:13     | Noticed Jorgrun
 10318 | D:13     | HP: 3/91 [Jorgrun/staff of earth (7)]
 10320 | D:13     | Slain by Jorgrun

Illustrated notes

Levels and vault maps discovered:
D:1:      zaba_arrival_water, layout_rooms, minmay_misc_feat_iff, minivault_5
D:2:      minmay_angry_zag, layout_loops_corners, basic_altar,
          nicolae_eternal_life, dreamdust_mushroom_princess, uniq_robin
D:3:      layout_loops_ring, ebering_ecumenical_altar_box
D:4:      layout_basic, minmay_quantized
D:5:      layout_cave_pools, chequers_serial_rivers_room_b
D:6:      layout_loops_ring, minmay_temple_entry_butterflies
D:7:      layout_basic, minmay_misc_feat_diagonals
D:8:      layout_basic, mainiacjoe_overflow_concentric_impassable,
          ebering_ghost_reflecting_pool, kennysheep_path_1, uniq_maurice
D:9:      layout_small_grid, enter_bailey_3, ebering_ghost_disaster_area,
          chequers_avenue
D:10:     layout_basic, erik_lair_island, orc_0_dummy
D:11:     layout_roguey
D:12:     layout_rooms, ebering_ghost_disaster_area, minmay_circle_x
D:13:     layout_loops_cross, grunt_vaults_entry_fortified,
          nemelex_spade_bored_becter, uniq_jorgrun, uniq_josephine
Temple:   mainiacjoe_temple_hex_bubbles

Skill      XL: |  1  2  3  4  5  6  7  8  9 10 11 12 |
---------------+-------------------------------------+-----
Fighting       | 4 |  4.0
Shields        | 4 5 |  5.0
Dodging        | 2 4 5 7 |  7.0
Armour         | 4 7 11 14 | 14.0
Axes           | 5 10 | 10.9
Polearms       | 3 11 | 11.5
Maces & Flails | 8 9 |  9.4

Action                     |  1- 3 |  4- 6 |  7- 9 | 10-12 || total
---------------------------+-------+-------+-------+-------++-------
  Melee: War axe           |    58 |   114 |   155 |       ||   327
         Headbutt          |     5 |    20 |    46 |   107 ||   178
         Flail             |       |       |   103 |       ||   103
         Spear             |       |       |    46 |   165 ||   211
         Broad axe         |       |       |       |   119 ||   119
         Morningstar       |       |       |       |    23 ||    23
         Trident           |       |       |       |   268 ||   268
  Evoke: Wand              |       |       |       |    15 ||    15
    Use: Scroll            |     4 |     5 |     4 |    13 ||    26
         Potion            |     1 |       |       |     2 ||     3
 Armour: Scale mail        |    50 |     3 |       |       ||    53
         Chain mail        |       |    61 |   236 |    14 ||   311
         Plate armour      |       |       |       |   459 ||   459
  Dodge: Dodged            |    39 |    57 |   144 |   220 ||   460
  Block: Buckler           |    13 |    34 |    79 |   142 ||   268
